 Dungeon Crawl Stone Soup version 0.24-a0-463-g3510def36b (webtiles) character file.

Game seed: 1382570488300387822

532 Kuinu the Skirmisher (level 7, 0/64 HPs)
             Began as a Minotaur Berserker on July 2, 2019.
             Was a Priest of Trog.
             Slain by Crazy Yiuf
             ... wielding a +3 quarterstaff of chaos
              (3 damage)
             ... while paralysed by Crazy Yiuf
             ... on level 4 of the Dungeon.
             The game lasted 00:05:04 (2580 turns).

Kuinu the Skirmisher (Minotaur Berserker)           Turns: 2580, Time: 00:05:05

Health: 0/64       AC:  9    Str: 23    XL:     7   Next: 3%
Magic:  6/6        EV:  2    Int:  4    God:    Trog [***...]
Gold:   182        SH:  0    Dex: 10    Spells: 6/6 levels left

rFire    . . .     SeeInvis .   a - +0 hand axe
rCold    . . .     Gourm    .   (no shield)
rNeg     . . .     Faith    .   g - +0 chain mail
rPois    +         Spirit   .   (helmet restricted)
rElec    .         Reflect  .   (no cloak)
rCorr    .         Harm     .   (no gloves)
MR       .....                  (no boots)
Stlth    ..........             (no amulet)
HPRegen  0.20/turn              i - ring of poison resistance
MPRegen  0.10/turn              s - ring of attention (curse)

@: paralysed, lethally poisoned (0 -> -5), very slightly contaminated, invisible
A: retaliatory headbutt, horns 2
a: Berserk, Trog's Hand, Renounce Religion


You were on level 4 of the Dungeon.
You worshipped Trog.
Trog was most pleased with you.
You were not hungry.

You visited 1 branch of the dungeon, and saw 4 of its levels.

You collected 182 gold pieces.

Inventory:

Hand Weapons
 a - a +0 hand axe (weapon)
Armour
 b - a +0 animal skin
 g - a +0 chain mail (worn)
Jewellery
 i - a ring of poison resistance (left hand)
 s - a cursed ring of attention (right hand)
Wands
 h - a wand of paralysis (11)
 p - a wand of digging (5)
 r - a wand of polymorph (6)
Scrolls
 e - a scroll of enchant weapon {unknown}
 f - 5 scrolls of remove curse {unknown}
 k - a scroll of enchant armour {unknown}
 o - 2 scrolls of amnesia {unknown}
 q - 2 scrolls of identify {unknown}
 t - a scroll of immolation {unknown}
 u - a scroll of blinking {unknown}
 v - a scroll of teleportation {unknown}
 w - a scroll of random uselessness {unknown}
Potions
 d - 4 potions of curing {unknown}
 j - 2 potions of heal wounds
 l - a potion of degeneration {unknown}
 m - a potion of haste {unknown}
 n - a potion of cancellation {unknown}
Comestibles
 c - 8 rations
 x - 5 chunks of flesh


   Skills:
 * Level 6.3 Fighting
 * Level 6.3 Axes
 + Level 4.3 Armour
 + Level 3.8 Dodging


You had 6 spell levels left.
You didn't know any spells.
Your spell library was empty.

Dungeon Overview and Level Annotations

Branches:
Dungeon (4/15)             Temple (0/1) D:4

Altars:
Gozag
Kikubaaqudgha

Annotations:
D:4 Crazy Yiuf


Innate Abilities, Weirdness & Mutations

You reflexively headbutt those who attack you in melee.
You have a pair of horns on your head.


Message History

You hit Crazy Yiuf.
Crazy Yiuf is lightly wounded.
You feel sick.
Crazy Yiuf hits you with a +3 quarterstaff of chaos!
* * * LOW HITPOINT WARNING * * *
You completely miss Crazy Yiuf. You headbutt Crazy Yiuf!
Crazy Yiuf is heavily wounded.
You feel sick.
Crazy Yiuf yells, "Rot!
Shadow tea senile."
Crazy Yiuf hits you with a +3 quarterstaff of chaos!
* * * LOW HITPOINT WARNING * * *
You suddenly lose the ability to move!
* * * LOW HITPOINT WARNING * * *
You feel sick. Crazy Yiuf hits you but does no damage.
You fade into invisibility!
You are very lightly contaminated with residual magic.
* * * LOW HITPOINT WARNING * * *
You feel sick.
Crazy Yiuf hits you with a +3 quarterstaff of chaos.
You die...

........### ##..## #......# #..
........#.## #....# ##....(###.#
...........# #...## ###...#....
.##........# ##.## ##....###
##.........# #.## ###.....#
#.#...#....# ##.# ###.####..##
...#...>...# #.## #...........
#..........# ##.# #....##.....
#.##.......# #@# #>..####....
...........# #.g.# #.)#####.##.
##.........# #...# #....##..###
#.........# #..)# #..))......#
##........# ##### ####........
###........# #####..###..
#..........###########.....####..
........................#..##..[.
#......................##..#...#.


You could see Crazy Yiuf.

Vanquished Creatures
  Sigmund (D:3)
  An ogre (D:4)
  A centaur skeleton (D:4)
  2 orc wizards (D:4)
  Terence (D:2)
  An iguana (D:4)
  2 worker ants (D:4)
  4 adders
  An ooze (D:3)
  3 worms
  4 leopard geckos
  2 orcs (D:4)
  2 giant cockroaches (D:2)
  3 goblins
  6 hobgoblins
  7 jackals
  4 quokkas
  7 bats
  A frilled lizard (D:1)
  10 kobolds
  4 rats
67 creatures vanquished.

Notes
Turn   | Place    | Note
-------+----------+-------------------------------------------
     0 | D:1      | Kuinu the Minotaur Berserker began the quest for the Orb.
     0 | D:1      | Reached XP level 1. HP: 19/19 MP: 0/0
   242 | D:1      | Reached XP level 2. HP: 17/27 MP: 1/1
   595 | D:2      | Reached ** piety under Trog
   595 | D:2      | Reached XP level 3. HP: 27/33 MP: 2/2
   717 | D:2      | Found an opulent altar of Gozag.
   721 | D:2      | Found an ancient bone altar of Kikubaaqudgha.
   849 | D:2      | Noticed Terence
   863 | D:2      | Killed Terence
   863 | D:2      | Reached XP level 4. HP: 15/41 MP: 3/3
  1264 | D:3      | Noticed Sigmund
  1306 | D:3      | Killed Sigmund
  1306 | D:3      | Reached skill level 5 in Fighting
  1306 | D:3      | Reached skill level 5 in Axes
  1306 | D:3      | Reached XP level 5. HP: 34/48 MP: 4/4
  1341 | D:3      | Reached XP level 6. HP: 47/56 MP: 5/5
  1977 | D:4      | Found a runed translucent door.
  1978 | D:4      | Noticed Crazy Yiuf
  2357 | D:4      | Found a staircase to the Ecumenical Temple.
  2454 | D:4      | Reached *** piety under Trog
  2461 | D:4      | Reached XP level 7. HP: 19/64 MP: 6/6
  2578 | D:4      | Paralysed by Crazy Yiuf for 4 turns
  2580 | D:4      | HP: 3/64 [poisoned by Crazy Yiuf]
  2580 | D:4      | Slain by Crazy Yiuf

Levels and vault maps discovered:
D:1:      dpeg_arrival_chambers_temple_mockup, layout_rooms
D:2:      layout_basic, minitemple, first_ration, serial_bayou,
          serial_bayou_lake_a, serial_bayou_pond_a, serial_bayou_shore_b,
          serial_bayou_shore_b, uniq_terence
D:3:      layout_loops_cross, uniq_sigmund
D:4:      layout_cave_pools, minmay_temple_entry_enclosed_plants,
          uniq_crazy_yiuf_cottage

Skill      XL: |  1  2  3  4  5  6 |
---------------+-------------------+-----
Fighting       | 4 5 6 |  6.3
Axes           | 4 5 6 |  6.3
Armour         | 3 4 |  4.3
Dodging        | 3 |  3.8

Action                   |  1- 3 |  4- 6 |  7- 9 || total
-------------------------+-------+-------+-------++-------
Melee: Hand axe          |    95 |   102 |     8 ||   205
       Headbutt          |     7 |    22 |     3 ||    32
       Unarmed           |       |     3 |       ||     3
Invok: Berserk           |       |     1 |       ||     1
  Eat: Chunk             |       |     6 |     1 ||     7
Armor: Chain mail        |    45 |    44 |     2 ||    91
Dodge: Dodged            |    46 |    43 |     2 ||    91

Table legend:
 A = Non-vault XP
 B = Vault XP
 C = Vault XP percentage of total XP
 D = Non-vault monster count
 E = Vault monster count
 F = Vault count percentage of total count
                 A         B        C        D         E       F
            +---------+---------+-------+---------+---------+-------
      Total |     501 |     259 |  34.1 |      65 |       2 |   3.0
            +---------+---------+-------+---------+---------+-------
        D:1 |      16 |       0 |   0.0 |      10 |       0 |   0.0
        D:2 |      75 |      36 |  32.4 |      22 |       1 |   4.3
        D:3 |      45 |     223 |  83.2 |      21 |       1 |   4.5
        D:4 |     365 |       0 |   0.0 |      12 |       0 |   0.0
            +---------+---------+-------+---------+---------+-------
